 Dungeon Crawl Stone Soup version 0.22-a0-223-g0f5d773 (webtiles) character file.

18 4thArraOfDagon the Vexing (level 2, 0/20 HPs)
             Began as an Octopode Arcane Marksman on Feb 18, 2018.
             Slain by an orc priest
             ... wielding a +0 war axe
              (9 damage)
             ... on level 3 of the Dungeon.
             The game lasted 00:01:25 (372 turns).

4thArraOfDagon the Vexing (Octopode Arcane Marksman) Turns: 372, Time: 00:01:26

Health: 0/20       AC:  1    Str:  9    XL:     2   Next: 70%
Magic:  3/3        EV: 13    Int: 15    God:
Gold:   44         SH:  0    Dex: 12    Spells: 2/3 levels left

rFire    . . .     SeeInvis .   d - +0 short sword
rCold    . . .     Gourm    .   (no shield)
rNeg     . . .     Faith    .   (helmet restricted)
rPois    .         Spirit   .   (no amulet)
rElec    .         Reflect  .   (no ring)
rCorr    .         Harm     .   (no ring)
MR       .....                  (no ring)
Stlth    ++........             (no ring)
HPRegen  0.06/turn              (no ring)
MPRegen  0.08/turn              (no ring)
                                (no ring)
                                (no ring)

@: no status effects
A: almost no armour, stealthy swim, amphibious, 8 rings, constrict 8, camouflage
1, gelatinous body 1
a: no special abilities


You were on level 3 of the Dungeon.
You were not hungry.

You visited 1 branch of the dungeon, and saw 3 of its levels.

You collected 44 gold pieces.

Inventory:

Hand Weapons
 d - a +0 short sword (weapon)
Missiles
 b - 2 javelins (quivered)
 c - 2 throwing nets
Scrolls
 e - a scroll of random uselessness {unknown}
 f - a scroll of blinking {unknown}
 g - a scroll of remove curse {unknown}
Comestibles
 a - 4 rations


   Skills:
 + Level 2.6 Fighting
 - Level 2.0 Throwing
 - Level 2.0 Dodging
 - Level 1.0 Spellcasting
 - Level 3.0 Hexes


You had 2 spell levels left.
You knew the following spells:

 Your Spells              Type           Power        Failure   Level  Hunger
a - Corona                Hex            #......      7%          1    ##.....


Dungeon Overview and Level Annotations

Branches:
Dungeon (3/15)

Altars:
Zin

Annotations:
D:2 1 transporter


Innate Abilities, Weirdness & Mutations

You cannot wear most types of armour.
You are very stealthy in the water. (Stealth+)
You are amphibious.
You can wear up to eight rings at the same time.
You can use your tentacles to constrict eight enemies at once.
Your skin changes colour to match your surroundings (Stealth+).
Your rubbery body absorbs attacks. (AC +1, EV +1)


Message History

The orc priest barely misses you.
Unknown command.
Quiver which item? (- for none, * to show all) (? for menu, Esc to quit)
Okay, then.
Throwing (i - inventory. (/) - cycle)
b - 4 javelins (quivered)
Press: ? - help, Shift-Dir - straight line, f - orc priest
Aim: an orc priest, wielding a war axe and wearing a leather armour (lightly wounded, constricted by you)
You throw a javelin. The javelin hits the orc priest.
The orc priest is moderately wounded.
You constrict the orc priest, but do no damage.
The orc priest casts a cantrip, but nothing happens.
A rat comes into view.
Throwing (i - inventory. (/) - cycle)
b - 3 javelins (quivered)
Press: ? - help, Shift-Dir - straight line, f/p - orc priest
Aim: an orc priest, wielding a war axe and wearing a leather armour (moderately wounded, constricted by you)
You throw a javelin. The javelin hits the orc priest.
The orc priest is heavily wounded.
You constrict the orc priest, but do no damage.
The orc priest hits you with a war axe! x2
You die...

#######
#...@.#
#.###o#
#.[<#.#
########o#
.........#
(######..###
#....r.$####
#.#........#
# #......#.#


You could see an orc priest, an orc and a rat.

Vanquished Creatures
  A leopard gecko (D:1)
  An orc (D:3)
  3 bats
  2 giant cockroaches
  3 hobgoblins
  2 kobolds (D:1)
  2 frilled lizards (D:1)
14 creatures vanquished.

Notes
Turn   | Place    | Note
-------+----------+-------------------------------------------
     0 | D:1      | 4thArraOfDagon the Octopode Arcane Marksman began the quest for the Orb.
     0 | D:1      | Reached XP level 1. HP: 13/13 MP: 2/2
    83 | D:1      | Reached XP level 2. HP: 16/19 MP: 3/3
   237 | D:2      | Found a transporter.
   249 | D:2      | Found a glowing silver altar of Zin.
   249 | D:2      | Noticed a bullfrog
   250 | D:2      | Noticed a wight
   372 | D:3      | Slain by an orc priest

Vault maps used:
D:1:      shiori_arrival_oz
D:2:      kb_forest_paths, gammafunk_temple_overflow_arena,
          lightli_temple_of_fire, old_standard_altar, marbit_many_paths
D:3:      fedhas_altar_2, first_ration, minmay_crystal_water, st_stairs_8,
          tso_metal_star, uniq_robin, uniq_grinder, uniq_crazy_yiuf_cottage

Skill      XL: |  1 |
---------------+----+-----
Fighting       | 2 |  2.6
Throwing       | |  2.0
Dodging        | |  2.0
Spellcasting   | |  1.0
Hexes          | |  3.0

Action                   || total
-------------------------++-------
Melee: Short sword       ||    23
       Constrict         ||     5
Throw: Javelin           ||    10
 Stab: Sleeping          ||     1
Armor: Skin              ||     1
Dodge: Dodged            ||    14

Table legend:
 A = Spawn XP
 B = Non-spawn XP
 C = Spawn XP percentage of total XP
 D = Spawn monster count
 E = Non-spawn monster count
 F = Spawn count percentage of total count
 G = Total turns spent on level
                    A         B        C        D         E        F      G
               +---------+---------+-------+---------+---------+-------+---------
         Total |       0 |      27 |   0.0 |       0 |      14 |   0.0 |   372
               +---------+---------+-------+---------+---------+-------+---------
           D:1 |       0 |      15 |   0.0 |       0 |       8 |   0.0 |   172
           D:2 |       0 |       7 |   0.0 |       0 |       4 |   0.0 |   148
           D:3 |       0 |       5 |   0.0 |       0 |       2 |   0.0 |    52
               +---------+---------+-------+---------+---------+-------+---------
